 Dungeon Crawl Stone Soup version 0.23.2-30-g0e89c35649 (webtiles) character file.

Game seed: 3783669881502139902

2671 dembora the Cleaver (level 9, -2/81 HPs)
             Began as a Minotaur Berserker on June 23, 2019.
             Was an Elder of Trog.
             Slain by a crocodile (13 damage)
             ... on level 8 of the Dungeon.
             The game lasted 00:46:04 (6233 turns).

dembora the Cleaver (Minotaur Berserker)            Turns: 6233, Time: 00:46:05

Health: -2/81      AC:  3    Str: 24    XL:     9   Next: 37%
Magic:  0/8        EV: 13    Int:  4    God:    Trog [****..]
Gold:   358        SH:  0    Dex: 11    Spells: 8/8 levels left

rFire    . . .     SeeInvis .   u - +0 great sword
rCold    . . .     Gourm    .   (shield currently unavailable)
rNeg     . . .     Faith    .   E - +0 leather armour
rPois    .         Spirit   +   (helmet restricted)
rElec    .         Reflect  .   (no cloak)
rCorr    .         Harm     .   (no gloves)
MR       +....                  (no boots)
Stlth    +++.......             m - amulet of guardian spirit
HPRegen  0.23/turn              k - ring of protection from magic
MPRegen  0.11/turn              D - ring of stealth

@: berserk cooldown, slowed, very slow
A: retaliatory headbutt, horns 2
a: Berserk, Trog's Hand, Brothers in Arms, Renounce Religion


You were on level 8 of the Dungeon.
You worshipped Trog.
Trog was greatly pleased with you.
You were not hungry.

You visited 2 branches of the dungeon, and saw 9 of its levels.

You collected 358 gold pieces.

Inventory:

Hand Weapons
 u - a +0 great sword (weapon)
 x - a +0 trident of protection
 B - a +1 shortbow of flaming
 H - a +0 vampiric dagger
Missiles
 C - 35 arrows
 G - 4 javelins (quivered)
Armour
 i - a +0 plate armour
 E - a +0 leather armour (worn)
Jewellery
 k - a ring of protection from magic (left hand)
 m - an amulet of guardian spirit (around neck)
 n - an uncursed ring of flight
 y - an uncursed ring of resist corrosion
 D - a ring of stealth (right hand)
Wands
 w - a wand of clouds (4)
Scrolls
 e - 2 scrolls of identify
 f - a scroll of blinking {unknown}
 h - 9 scrolls of remove curse {unknown}
 j - 6 scrolls of teleportation {unknown}
 l - 4 scrolls of noise {unknown}
 r - 4 scrolls of fear {unknown}
 v - 4 scrolls of immolation {unknown}
 A - a scroll of fog {unknown}
Potions
 g - 2 potions of mutation {unknown}
 o - a potion of heal wounds {unknown}
 p - 4 potions of curing {unknown}
 q - a potion of agility {unknown}
 s - 2 potions of brilliance {unknown}
 t - a potion of ambrosia {unknown}
Comestibles
 c - 8 rations


   Skills:
 + Level 7.8 Fighting
 + Level 7.3 Long Blades
   Level 8.8 Axes
 + Level 6.9 Armour
 + Level 4.2 Dodging
 + Level 2.2 Stealth


You had 8 spell levels left.
You didn't know any spells.
Your spell library was empty.

Dungeon Overview and Level Annotations

Branches:
Dungeon (8/15)             Temple (1/1) D:4
   Lair: D:8-11

Altars:
Ashenzari
Cheibriados
Elyvilon
Fedhas
Gozag
Hepliaklqana
Makhleb
Nemelex Xobeh
Okawaru
Qazlal
Sif Muna
Trog
Uskayaw
Vehumet
Wu Jian
Xom
Yredelemnul
The Shining One
Jiyva

Shops:
D:5 !

Annotations:
D:5 1 runed translucent door


Innate Abilities, Weirdness & Mutations

You reflexively headbutt those who attack you in melee.
You have a pair of horns on your head.


Message History

You are exhausted.
You feel yourself slow down. The yak closely misses you.
You slash the yak!
The yak is heavily wounded.
The yak closely misses you. You furiously retaliate!
You headbutt the yak. The yak gores you!
* * * LOW HITPOINT WARNING * * *
The yak closely misses you. You furiously retaliate!
You headbutt the yak, but do no damage.
You riposte.
You hit the yak.
The yak is severely wounded.
The yak barely misses you. The yak completely misses you.
The porcupine twitches its whiskers.
The yak gores you.
* * * LOW HITPOINT WARNING * * *
The yak barely misses you. You furiously retaliate!
You headbutt the yak!
You kill the yak!
Trog accepts your kill. The crocodile barely misses you.
The crocodile bites you!
You die...

#.....# # .
#.....#.## ##.
#......... #..
#....#.### #.#
#....# # ### #.#
###.## .♣... #.#
###.# ......##.#
#..##
......†..#######@##
..P...##.t.srYYt.#
P..♣. #########.# P
P. ### .. .. .


You could see 2 yaks, 2 crocodiles, a scorpion and a porcupine.

Vanquished Creatures
  Prince Ribbit (D:5)
  The ghost of Hycrow the Firebug, an amateur DrFE (D:4)
  4 yaks (D:8)
  2 sky beasts (D:6)
  A black bear (D:7)
  A phantom (D:5)
  An ogre (D:4)
  A centaur (D:6)
  2 bullfrogs (D:6)
  A water moccasin zombie (D:5)
  A scorpion (D:4)
  A howler monkey (D:4)
  3 crimson imps
  A centaur skeleton (D:6)
  4 orc priests
  4 hounds
  6 orc wizards
  A bullfrog skeleton (D:6)
  4 worker ants
  3 iguanas
  2 hound skeletons
  A gnoll (D:1)
  5 adders
  2 oozes
  2 adder zombies
  A worm (D:2)
  2 dart slugs (D:2)
  3 leopard geckos
  19 orcs
  3 giant cockroaches
  5 goblins
  4 hobgoblins (D:1)
  9 jackals
  A quokka (D:4)
  A ball python (D:5)
  6 bats
  8 frilled lizards
  9 kobolds
  A quokka zombie (D:7)
  2 rats
129 creatures vanquished.

Vanquished Creatures (others)
  A plant (D:8)
1 creature vanquished.

Grand Total: 130 creatures vanquished

Notes
Turn   | Place    | Note
-------+----------+-------------------------------------------
     0 | D:1      | dembora the Minotaur Berserker began the quest for the Orb.
     0 | D:1      | Reached XP level 1. HP: 19/19 MP: 0/0
    27 | D:1      | Reached skill level 4 in Axes
    27 | D:1      | Reached XP level 2. HP: 12/27 MP: 1/1
   301 | D:1      | Reached XP level 3. HP: 33/33 MP: 2/2
   532 | D:1      | Reached ** piety under Trog
  1126 | D:2      | Found a radiant altar of Vehumet.
  1228 | D:2      | Reached XP level 4. HP: 41/41 MP: 3/3
  1554 | D:3      | Found a blossoming altar of Fedhas.
  1700 | D:4      | Reached skill level 5 in Axes
  1700 | D:4      | Reached XP level 5. HP: 39/47 MP: 4/4
  1710 | D:4      | Noticed an ogre
  1713 | D:4      | Found an ornate altar of the Wu Jian Council.
  1717 | D:4      | Killed an ogre
  1717 | D:4      | Reached skill level 5 in Fighting
  1722 | D:4      | Reached XP level 6. HP: 42/56 MP: 5/5
  1722 | D:4      | Reached skill level 6 in Axes
  1843 | D:4      | Found a runed translucent door.
  1843 | D:4      | Noticed Hycrow's ghost (amateur DrFE)
  1863 | D:4      | Killed Hycrow's ghost
  1995 | D:4      | Reached XP level 7. HP: 61/61 MP: 6/6
  2024 | D:4      | Found a staircase to the Ecumenical Temple.
  2036 | Temple   | Entered the Ecumenical Temple
  2409 | D:4      | Found a snail-covered altar of Cheibriados.
  2498 | D:4      | Reached skill level 7 in Axes
  2641 | D:5      | Entered Level 5 of the Dungeon
  2665 | D:5      | Noticed Prince Ribbit
  2682 | D:5      | Killed Prince Ribbit
  2682 | D:5      | Reached skill level 5 in Armour
  2682 | D:5      | Reached skill level 1 in Stealth
  2772 | D:5      | Found a white marble altar of Elyvilon.
  2772 | D:5      | Noticed an angel
  2773 | D:5      | Found a runed translucent door.
  2988 | D:5      | Reached skill level 8 in Axes
  3125 | D:5      | Reached *** piety under Trog
  3139 | D:5      | Found Ewnaoc's Distillery.
  3150 | D:5      | Reached skill level 1 in Long Blades
  3378 | D:5      | Found a deep blue altar of Sif Muna.
  3410 | D:5      | Reached XP level 8. HP: 65/70 MP: 7/7
  4787 | D:6      | Reached skill level 5 in Long Blades
  4902 | D:6      | Found a shattered altar of Ashenzari.
  5222 | D:7      | Found a hide-covered altar of Uskayaw.
  5231 | D:7      | Found a hazy altar of Hepliaklqana.
  5263 | D:7      | Reached XP level 9. HP: 65/79 MP: 5/8
  5383 | D:7      | Reached **** piety under Trog
  5569 | D:7      | Found a blossoming altar of Fedhas.
  6233 | D:8      | Slain by a crocodile

Skill      XL: |  1  2  3  4  5  6  7  8  9 |
---------------+----------------------------+-----
Fighting       | 4 5 6 7 |  7.8
Axes           | 4 5 6 8 |  8.8
Armour         | 3 4 5 6 |  6.9
Dodging        | 3 4 |  4.2
Stealth        | 1 2 |  2.2
Long Blades    | 1 5 7 |  7.3

Action                   |  1- 3 |  4- 6 |  7- 9 || total
-------------------------+-------+-------+-------++-------
Melee: Hand axe          |    57 |    61 |    69 ||   187
       Headbutt          |    14 |    16 |    48 ||    78
       Great sword       |       |       |   176 ||   176
Invok: Berserk           |     2 |     1 |     4 ||     7
  Use: Scroll            |       |     3 |     3 ||     6
 Stab: Sleeping          |       |       |     1 ||     1
  Eat: Ration            |     1 |     1 |     4 ||     6
       Chunk             |       |       |     3 ||     3
Armor: Animal skin       |     7 |       |       ||     7
       Plate armour      |    31 |    36 |   103 ||   170
       Leather armour    |       |       |    24 ||    24
       Scale mail        |       |       |     1 ||     1
Dodge: Dodged            |    33 |    16 |   133 ||   182
       Rpst.: Great sword |       |       |    17 ||    17
